 Dungeon Crawl Stone Soup version 0.26-a0-812-g31a745ddcd (webtiles) character file.

Game seed: 6158468465402601894

3982 kannibaal the Cleaver (level 10, -6/91 HPs)
             Began as a Minotaur Berserker on Nov 25, 2020.
             Was an Elder of Trog.
             Mangled by a seven-headed hydra (10 damage)
             ... on level 7 of the Dungeon.
             The game lasted 01:16:47 (7394 turns).

kannibaal the Cleaver (Minotaur Berserker)          Turns: 7394, Time: 01:16:48

Health: -6/91      AC: 14    Str: 30    XL:     10   Next: 2%
Magic:  9/9        EV: 10    Int:  4    God:    Trog [****..]
Gold:   352        SH: 10    Dex: 11    Spells: 9/9 levels left

rFire    + . .     SeeInvis .   G - +0 broad axe
rCold    . . .     Faith    .   m - +2 kite shield
rNeg     . . .     Spirit   .   n - +2 chain mail {rF+}
rPois    +         Reflect  .   (helmet restricted)
rElec    .         Harm     .   (no cloak)
rCorr    .         Rampage  .   g - +0 pair of gloves
MR       .....                  (no boots)
Stlth    ..........             (no amulet)
HPRegen  0.25/turn              d - +6 ring of strength
MPRegen  0.11/turn              h - ring of poison resistance

@: about to teleport, berserk cooldown, slowed, very slow
A: retaliatory headbutt, horns 2
a: Berserk, Trog's Hand, Brothers in Arms, Renounce Religion


You were on level 7 of the Dungeon.
You worshipped Trog.
Trog was greatly pleased with you.
You visited 1 branch of the dungeon, and saw 7 of its levels.
You also visited: Ossuary.

You collected 352 gold pieces.

Inventory:

Hand Weapons
 a - a +0 hand axe
 b - a +0 whip of flaming
 w - a +4 falchion of electrocution
 G - a +0 broad axe (weapon)
Missiles
 k - 223 stones (quivered)
Armour
 g - a +0 pair of gloves (worn)
 m - a +2 kite shield (worn)
 n - a +2 chain mail of fire resistance (worn)
Jewellery
 d - a +6 ring of strength (left hand)
 h - a ring of poison resistance (right hand)
Wands
 D - a wand of iceblast (10)
 J - a wand of paralysis (7)
Scrolls
 e - 2 scrolls of immolation
 i - 7 scrolls of teleportation
 p - a scroll of random uselessness {unknown}
 q - 2 scrolls of blinking
 s - a scroll of amnesia {unknown}
 x - 5 scrolls of enchant armour {unknown}
 y - a scroll of acquirement {unknown}
 z - 2 scrolls of fog {unknown}
 E - 7 scrolls of remove curse
 I - a scroll of identify
Potions
 c - a potion of invisibility {unknown}
 f - a potion of attraction {unknown}
 j - a potion of berserk rage {unknown}
 l - a potion of ambrosia {unknown}
 o - 2 potions of flight {unknown}
 r - 5 potions of lignification {unknown}
 t - 5 potions of curing {unknown}
 u - 2 potions of heal wounds {unknown}
 v - a potion of brilliance {unknown}
 A - a potion of might {unknown}
 B - a potion of magic {unknown}
 C - 2 potions of cancellation {unknown}
 F - a potion of degeneration {unknown}
 H - 2 potions of mutation {unknown}


   Skills:
 + Level 9.4 Fighting
 + Level 9.4 Axes
 + Level 9.0 Armour
 + Level 8.2 Dodging


You had 9 spell levels left.
You didn't know any spells.
Your spell library was empty.

Dungeon Overview and Level Annotations

Branches:
Dungeon (7/15)             Temple (0/1) D:5         Ossuary (visited)

Altars:
Dithmenos
Fedhas
Nemelex Xobeh
Sif Muna
Beogh

Annotations:
D:6 3 runed translucent doors, Blackmass's ghost, novice OpAE


Innate Abilities, Weirdness & Mutations

You reflexively headbutt those who attack you in melee.
You have a pair of horns on your head.


Message History

* * * LOW HITPOINT WARNING * * *
The seven-headed hydra bites you.
* * * LOW HITPOINT WARNING * * *
The seven-headed hydra barely misses you.
The seven-headed hydra bites you but does no damage. x2
The seven-headed hydra barely misses you.
The seven-headed hydra bites you but does no damage.
You see here a stone.
Press: ? - help, Dir - move target cursor
As you read the scroll of blinking, it crumbles to dust.
You are no longer corroded.
As you read the scroll of teleportation, it crumbles to dust.
You feel strangely unstable.
You block the seven-headed hydra's attack.
The seven-headed hydra bites you.
* * * LOW HITPOINT WARNING * * *
The seven-headed hydra bites you.
* * * LOW HITPOINT WARNING * * *
The seven-headed hydra bites you!
You die...

.# ###..##.....[..
.# ##..##.##.......
Zr #.#####.#.......
F# #.#..##.#.......
.## ##(##.##........
#.##..#.#.###..####.
#O#####.##. #...####
##D##..## .##.......
##@.### ##..#...##
#### ..####.>. .#
#### # # # # # #


You could see a seven-headed hydra, an ogre, a bullfrog, a quokka zombie and a
quokka.

Vanquished Creatures
  A boulder beetle (D:7)
  Pikel (D:4)
  Grinder (D:5)
  Menkaure (D:7)
  2 orc warriors (D:6)
  3 centaurs
  2 phantoms (D:6)
  4 ogres
  A lemure (D:4)
  3 bullfrogs
  9 scorpions
  3 centaur zombies (Ossuary)
  A centaur skeleton (D:6)
  4 hounds
  4 orc wizards
  2 orc priests (D:6)
  2 jellies
  Terence (D:2)
  4 worker ants
  3 mummies (Ossuary)
  2 hound skeletons
  7 adders
  3 scorpion zombies (Ossuary)
  8 gnolls
  A shadow imp (D:6)
  An ufetubus (D:6)
  An adder skeleton (D:4)
  2 worms
  5 dart slugs
  5 leopard geckos
  11 orcs
  9 bats
  6 giant cockroaches
  A gnoll zombie (Ossuary)
  9 goblins
  6 hobgoblins
  10 jackals
  5 quokkas
  A ball python (D:4)
  6 frilled lizards
  2 goblin zombies (Ossuary)
  A hobgoblin zombie (Ossuary)
  A jackal skeleton (D:5)
  8 kobolds
  3 kobold zombies (Ossuary)
  2 orc zombies (Ossuary)
  A quokka zombie (D:6)
  10 rats
  A rat zombie (D:6)
180 creatures vanquished.

Vanquished Creatures (others)
  A scorpion (Ossuary)
  9 plants (D:4)
10 creatures vanquished.

Grand Total: 190 creatures vanquished

Notes
Turn   | Place    | Note
-------+----------+-------------------------------------------
     0 | D:1      | kannibaal the Minotaur Berserker began the quest for the
                  | Orb.
     0 | D:1      | Reached XP level 1. HP: 19/19 MP: 0/0
   574 | D:1      | Reached XP level 2. HP: 27/27 MP: 1/1
  1402 | D:2      | Reached XP level 3. HP: 33/33 MP: 2/2
  1524 | D:2      | Noticed Terence
  1535 | D:2      | Killed Terence
  1638 | D:2      | Reached XP level 4. HP: 40/40 MP: 3/3
  1737 | D:2      | Reached ** piety under Trog
  1985 | D:2      | Found a blossoming altar of Fedhas.
  2893 | D:3      | Reached XP level 5. HP: 41/47 MP: 4/4
  3412 | D:4      | Noticed an ogre
  3422 | D:3      | Killed an ogre
  3422 | D:3      | Reached skill level 5 in Fighting
  3422 | D:3      | Reached skill level 5 in Axes
  3422 | D:3      | Reached XP level 6. HP: 14/56 MP: 5/5
  4015 | D:4      | Reached skill level 5 in Armour
  4015 | D:4      | Reached XP level 7. HP: 56/62 MP: 6/6
  4131 | D:4      | Reached *** piety under Trog
  4155 | D:4      | Noticed Pikel
  4166 | D:4      | Killed Pikel
  4166 | D:4      | Reached skill level 5 in Dodging
  4166 | D:4      | Reached XP level 8. HP: 71/71 MP: 7/7
  4432 | D:5      | Entered Level 5 of the Dungeon
  4580 | D:5      | Noticed Grinder
  4581 | D:5      | Paralysed by Grinder for 5 turns
  4613 | D:5      | Paralysed by Grinder for 7 turns
  4628 | D:5      | Killed Grinder
  4713 | D:5      | Found a shimmering blue altar of Sif Muna.
  4952 | D:5      | Found a staircase to the Ecumenical Temple.
  5506 | D:6      | Found a shadowy altar of Dithmenos.
  5536 | D:6      | Found a sand-covered staircase.
  5550 | Ossuary  | Entered an ossuary
  5802 | Ossuary  | Reached XP level 9. HP: 81/81 MP: 8/8
  5805 | Ossuary  | Reached **** piety under Trog
  6073 | D:6      | Found a sparkling altar of Nemelex Xobeh.
  6408 | D:6      | Found a runed translucent gate.
  6409 | D:6      | Found a runed translucent gate.
  6409 | D:6      | Found a runed translucent gate.
  6409 | D:6      | Identified the cursed +1 great mace "Vajiph" {vorpal, rPois
                  | rN+}
  6409 | D:6      | Identified the +14 plate armour "Ymegof" {*Corrode MR++
                  | Str-4 Dex+8}
  6410 | D:6      | Found a roughly hewn altar of Beogh.
  6411 | D:6      | Noticed Blackmass's ghost (novice OpAE)
  7026 | D:7      | Noticed Menkaure
  7217 | D:7      | Killed Menkaure
  7372 | D:7      | Noticed a boulder beetle
  7379 | D:7      | Noticed a seven-headed hydra
  7389 | D:7      | Killed a boulder beetle
  7389 | D:7      | Reached XP level 10. HP: 35/91 MP: 9/9
  7394 | D:7      | HP: 4/91 [seven-headed hydra (5)]
  7394 | D:7      | Mangled by a seven-headed hydra

Illustrated notes

Levels and vault maps discovered:
D:1:      minmay_arrival_stair_chambers, layout_basic
D:2:      layout_loops_ring, fedhas_altar_fruit_tree, uniq_terence
D:3:      layout_loops_ring
D:4:      layout_cave_pools, chequers_serial_rivers_micro_a,
          serial_bayou_lake_a, uniq_pikel
D:5:      layout_loops_corners, lemuel_crystal_altar,
          minmay_temple_entry_arrows, uniq_grinder
D:6:      layout_loops_cross, nemelex_xobeh_ov_fountains_minmay,
          nicolae_dithmenos_the_darkroom, biasface_ghost_orc_armoury,
          enter_ossuary_4
D:7:      minmay_the_grid_octo_tiled_octocenter
          [minmay_the_grid_octo_fan_narrow, minmay_the_grid_octo_teeth,
          minmay_the_grid_octo_empty, minmay_the_grid_octo_focus,
          minmay_the_grid_octo_prize_star, minmay_the_grid_square_5x5_slash,
          minmay_the_grid_square_5x5_three, minmay_the_grid_square_5x5_seven,
          minmay_the_grid_square_5x5_z], layout_rooms, uniq_menkaure

Skill      XL: |  1  2  3  4  5  6  7  8  9 |
---------------+----------------------------+-----
Axes           | 4 5 6 8 9 |  9.4
Fighting       | 4 5 6 7 9 |  9.4
Armour         | 3 4 5 6 7 9 |  9.0
Dodging        | 3 4 5 6 8 |  8.2

Action                   |  1- 3 |  4- 6 |  7- 9 | 10-12 || total
-------------------------+-------+-------+-------+-------++-------
Melee: Hand axe          |    58 |   131 |    17 |       ||   206
       Headbutt          |    12 |    22 |    64 |       ||    98
       Broad axe         |       |       |   216 |     1 ||   217
Throw: Stone             |     9 |    87 |    38 |       ||   134
       Boomerang         |       |    22 |     8 |       ||    30
Invok: Berserk           |     2 |     1 |     5 |       ||     8
  Use: Scroll            |     1 |     7 |     3 |     2 ||    13
Armor: Animal skin       |     7 |       |       |       ||     7
       Ring mail         |     2 |       |       |       ||     2
       Chain mail        |     4 |    73 |    89 |     3 ||   169
Dodge: Dodged            |    29 |    59 |    62 |     2 ||   152
Block: Kite shield       |       |    18 |   104 |     1 ||   123

Table legend: (Time is in decaauts)
 A = Elapsed time spent in this place.
 B = Non-inter-level travel time spent in this place.
 C = Inter-level travel time spent in this place.
 D = Time resting spent in this place.
 E = Time spent auto-exploring this place.
 F = Levels seen in this place.
 G = Mean time per level.
                   A        B        C        D        E       F      G
               +--------+--------+--------+--------+--------+-----+--------+
         Total |   7632 |   7225 |    407 |    963 |   4311 |   8 |  954.0 |
       Dungeon |   7132 |   6725 |    407 |    963 |   4096 |   7 | 1018.9 |
       Ossuary |    499 |    499 |      0 |      0 |    215 |   1 |  499.0 |
               +--------+--------+--------+--------+--------+-----+--------+

Top non-repeatable levels by time:
     D:1: 1375 daAuts
     D:6: 1373 daAuts
     D:3: 1266 daAuts
     D:2: 1098 daAuts
     D:5: 1022 daAuts
     D:4: 805 daAuts
 Ossuary: 499 daAuts
     D:7: 191 daAuts
